 Dungeon Crawl Stone Soup version 0.28-a0-519-gbfeecf2 (webtiles) character file.

Game seed: 13233036313426476393

113 Kel the Ducker (level 4, -2/34 HPs)
             Began as a Merfolk Gladiator on Sept 23, 2021.
             Slain by Grinder (9 damage)
             ... on level 3 of the Dungeon.
             The game lasted 00:06:08 (3426 turns).

Kel the Ducker (Merfolk Gladiator)                  Turns: 3426, Time: 00:06:08

Health: -2/34      AC:  7    Str: 15    XL:     4   Next: 96%
Magic:  4/4        EV: 12    Int:  7    God:
Gold:   122        SH:  0    Dex: 15    Spells: 3/3 levels left

rFire   . . .      SeeInvis .   a - +0 war axe
rCold   . . .      Faith    .   (no shield)
rNeg    + . .      Spirit   .   g - +0 ring mail
rPois   .          Reflect  .   c - +0 helmet
rElec   .          Harm     .   h - +0 cloak
rCorr   .          Rampage  .   (no gloves)
Will    .....                   (no boots)
Stlth   +.........              (no amulet)
HPRegen 0.11/turn               f - ring of positive energy
MPRegen 0.09/turn               (no ring)

@: no status effects
A: (nimble swimmer 2), mertail
a: no special abilities


You were on level 3 of the Dungeon.
You visited 1 branch of the dungeon, and saw 3 of its levels.

You collected 122 gold pieces.

Inventory:

Hand Weapons
 a - a +0 war axe (weapon)
Armour
 c - a +0 helmet (worn)
 g - a +0 ring mail (worn)
 h - a +0 cloak (worn)
Jewellery
 f - a ring of positive energy (left hand)
Scrolls
 b - a scroll of fog {unknown}
 e - a scroll of enchant weapon {unknown}
 i - a scroll of identify {unknown}
Potions
 j - a potion of flight {unknown}


   Skills:
 * Level 2.7 Fighting
 * Level 3.7 Axes
 + Level 2.1 Throwing
 + Level 0.9 Armour
 + Level 4.6 Dodging


You had 3 spell levels left.
You didn't know any spells.
Your spell library contained the following spells:

 Spells                   Type           Power      Damage    Failure   Level
 Summon Small Mammal      Summ           0%         N/A       67%         1
 Call Canine Familiar     Summ           0%         N/A       95%         3
 Summon Guardian Golem    Hex/Summ       0%         N/A       95%         3


Dungeon Overview and Level Annotations

Branches:
Dungeon (3/15)

Altars:

Annotations:
D:3 Grinder


Innate Abilities, Weirdness & Mutations

((You are quick and stealthy near water. (Stealth+, EV+, Speed+++)))
Your lower body shifts to a powerful aquatic tail in water.


Message History

You resist with significant effort.
You see here 12 stones.
You hit Grinder.
Grinder is lightly wounded.
Grinder misses you. Grinder gestures at you. Pain shoots through your body!
You slash Grinder!
Grinder is moderately wounded.
Grinder hits you but does no damage.
You slash Grinder!
Grinder is heavily wounded.
Grinder hits you.
You writhe in agony.
You slash Grinder!
Grinder is severely wounded.
Grinder hits you.
You writhe in agony.
Grinder drinks a potion.
Grinder is healed!
You closely miss Grinder.
Grinder is lightly wounded.
Grinder barely misses you.
You hit Grinder.
Grinder is lightly wounded.
Grinder hits you.
You writhe in agony.
You barely miss Grinder.
Grinder is lightly wounded.
Grinder barely misses you. Grinder hits you but does no damage.
You hit Grinder but do no damage.
Grinder is lightly wounded.
Grinder closely misses you.
You slash Grinder!
Grinder is heavily wounded.
Grinder hits you but does no damage.
You closely miss Grinder.
Grinder is heavily wounded.
Grinder hits you.
* * * LOW HITPOINT WARNING * * *
You writhe in agony.
* * * LOW HITPOINT WARNING * * *
Grinder hits you!
You die...

##############
#............#
#............# #
#............# #
#............# #
#............# #
#.........(..# #
#5...........#####
#@>......†........
#............#####
#............+....
#............#####
..#######.###########
# ...$§..........# #
.........(####.# #
#.........# #
#.........# #


You could see Grinder.

Vanquished Creatures
  Crazy Yiuf (D:2)
  An adder (D:2)
  A worm (D:3)
  4 orcs (D:3)
  2 bats
  6 endoplasms
  2 giant cockroaches
  7 goblins
  6 hobgoblins (D:1)
  7 jackals
  7 kobolds
  2 quokkas
  6 ball pythons
  5 frilled lizards
  3 rats
60 creatures vanquished.

Vanquished Creatures (others)
  3 fungi (D:2)
  7 toadstools (D:1)
10 creatures vanquished.

Grand Total: 70 creatures vanquished

Notes
Turn   | Place    | Note
-------+----------+-------------------------------------------
     0 | D:1      | Kel the Merfolk Gladiator began the quest for the Orb.
     0 | D:1      | Reached XP level 1. HP: 16/16 MP: 1/1
   336 | D:1      | Reached XP level 2. HP: 13/23 MP: 2/2
  1099 | D:1      | Reached XP level 3. HP: 25/28 MP: 3/3
  1949 | D:2      | Found a faded altar of an unknown god.
  2558 | D:2      | Reached XP level 4. HP: 13/34 MP: 4/4
  3136 | D:2      | Found a runed translucent door.
  3137 | D:2      | Noticed Crazy Yiuf
  3147 | D:2      | Killed Crazy Yiuf
  3394 | D:3      | Noticed Grinder
  3396 | D:3      | Paralysed by Grinder for 6 turns
  3426 | D:3      | Slain by Grinder

Illustrated notes

Levels and vault maps discovered:
D:1:      nagdon_arrival_zigzag_paths, layout_basic, hex_medium,
          minmay_pentomino_z2
D:2:      layout_loops_corners, hellmonk_ecumenical_altar_inner_sanctum,
          uniq_crazy_yiuf_cottage
D:3:      layout_basic, mainiacjoe_overflow_big_doors,
          kennysheep_cross_bottleneck, uniq_grinder

Skill      XL: |  1  2  3 |
---------------+----------+-----
Axes           | 3 |  3.7
Fighting       | |  2.7
Throwing       | |  2.1
Armour         | |  0.9
Dodging        | |  4.6

Action                   |  1- 3 |  4- 6 || total
-------------------------+-------+-------++-------
Melee: War axe           |   134 |    63 ||   197
Throw: Throwing net      |       |     3 ||     3
  Use: Potion            |       |     1 ||     1
 Stab: Sleeping          |     2 |       ||     2
Armor: Leather armour    |    36 |       ||    36
       Ring mail         |    18 |    17 ||    35
Dodge: Dodged            |    96 |    33 ||   129

Table legend: (Time is in decaauts)
 A = Elapsed time spent in this place.
 B = Non-inter-level travel time spent in this place.
 C = Inter-level travel time spent in this place.
 D = Time resting spent in this place.
 E = Time spent auto-exploring this place.
 F = Levels seen in this place.
 G = Mean time per level.
                   A        B        C        D        E       F      G
               +--------+--------+--------+--------+--------+-----+--------+
         Total |   3493 |   3416 |     77 |   1165 |   1740 |   3 | 1164.3 |
       Dungeon |   3493 |   3416 |     77 |   1165 |   1740 |   3 | 1164.3 |
               +--------+--------+--------+--------+--------+-----+--------+

Top non-repeatable levels by time:
     D:1: 1884 daAuts
     D:2: 1372 daAuts
     D:3: 236 daAuts
